 Dungeon Crawl Stone Soup version 0.21.1-1-g345015fe64 (webtiles) character file.

9941 Jannitor the Zephyrmancer (level 11, -5/67 HPs)
             Began as a Halfling Air Elementalist on June 29, 2018.
             Was a Priest of Yredelemnul.
             Slain by a black mamba (14 damage)
             ... on level 2 of the Lair of Beasts.
             The game lasted 00:33:54 (16372 turns).

Jannitor the Zephyrmancer (HaAE)                   Turns: 16372, Time: 00:33:55

Health: -5/67      AC: 12    Str: 12    XL:     11   Next: 83%
Magic:  17/20      EV: 14    Int: 13    God:    Yredelemnul [***...]
Gold:   654        SH:  0    Dex: 16    Spells: 16/23 levels left

rFire    . . .     SeeInvis .   M - +0 trident (distort)
rCold    . . .     Gourm    .   (shield currently unavailable)
rNeg     + . .     Faith    +   P - +0 scale mail "Hero's Friend" {rN+}
rPois    +         Spirit   .   D - +0 helmet
rElec    .         Reflect  .   F - +0 cloak
rCorr    .         Harm     .   (no gloves)
MR       +....                  I - +2 pair of boots
Stlth    +.........             u - amulet of faith
HPRegen  0.21/turn              k - ring of protection from magic
MPRegen  0.17/turn              q - ring of poison resistance

@: lethally poisoned (-5 -> -12), injury mirror
A: small, frail 1, mutation resistance 1
a: Recall Undead Slaves, Injury Mirror, Animate Dead, Renounce Religion


You were on level 2 of the Lair of Beasts.
You worshipped Yredelemnul.
Yredelemnul was most pleased with you.
You were not hungry.

You visited 3 branches of the dungeon, and saw 14 of its levels.

You collected 710 gold pieces.
You spent 56 gold pieces at shops.

Inventory:

Hand Weapons
 e - a +3 flail of protection
 g - a +0 short sword
 x - a +0 short sword
 G - a +0 trident
 J - a +0 spear of freezing
 M - a +0 trident of distortion (weapon)
Armour
 a - a +1 robe
 r - the +1 pair of boots "Ozaapsixt" {rN+ Stlth+}
   (You found it on level 6 of the Dungeon)

   It protects you from negative energy.
   It makes you more stealthy.
 D - a +0 helmet (worn)
 E - a +2 buckler
 F - a +0 cloak (worn)
 I - a +2 pair of boots (worn)
 P - the +0 scale mail "Hero's Friend" (worn) {rN+}
   (You took it off a kobold on level 10 of the Dungeon)

   It protects you from negative energy.
Jewellery
 k - a ring of protection from magic (left hand)
 p - a +3 amulet of reflection
 q - a ring of poison resistance (right hand)
 s - a +2 ring of evasion {unknown}
 u - an amulet of faith (around neck)
 v - an uncursed ring of protection from magic
 A - an uncursed amulet of guardian spirit {unknown}
 B - an uncursed ring of magical power {unknown}
 C - a +3 ring of dexterity {unknown}
 N - a +3 ring of dexterity {unknown}
 S - an uncursed ring of wizardry {unknown}
Wands
 n - a wand of digging (12)
 o - a wand of flame (6)
 w - a wand of iceblast (11)
 z - a wand of paralysis (13)
Scrolls
 d - 7 scrolls of amnesia
 f - 7 scrolls of remove curse
 h - 3 scrolls of blinking {unknown}
 i - 2 scrolls of magic mapping
 j - a scroll of enchant weapon
 l - 10 scrolls of identify
 m - 2 scrolls of enchant armour
 y - a scroll of summoning
 K - 2 scrolls of brand weapon {unknown}
 Q - a scroll of acquirement {unknown}
 R - a scroll of torment {unknown}
Potions
 t - a potion of magic
 H - a potion of brilliance
Books
 b - a book of Air

   Spells                             Type                      Level
   a - Shock                          Conjuration/Air              1
   b - Swiftness                      Charms/Air                   2
   c - Static Discharge               Conjuration/Air              3
   d - Airstrike                      Air                          4
   e - Lightning Bolt                 Conjuration/Air              5
 L - a book of Minor Magic

   Spells                             Type                      Level
   a - Magic Dart                     Conjuration                  1
   b - Blink                          Translocation                2
   c - Call Imp                       Summoning                    2
   d - Slow                           Hexes                        2
   e - Conjure Flame                  Conjuration/Fire             3
   f - Mephitic Cloud                 Conjuration/Poison/Air       3
Comestibles
 c - 7 rations


   Skills:
 + Level 7.0 Fighting
 + Level 5.0 Polearms
 * Level 4.2 Armour
 - Level 5.2 Dodging
 - Level 2.2 Stealth
 - Level 6.9 Shields
 + Level 6.5 Spellcasting
 - Level 2.3 Conjurations
 + Level 8.9 Air Magic
 + Level 1.4 Invocations


You had 16 spell levels left.
You knew the following spells:

 Your Spells              Type           Power        Failure   Level  Hunger
a - Shock                 Conj/Air       ###.         8%          1    None
b - Swiftness             Chrm/Air       ###.....     19%         2    #......
c - Airstrike             Air            ####......   19%         4    ####...


Dungeon Overview and Level Annotations

Branches:
Dungeon (11/15)            Temple (1/1) D:4            Lair (2/6) D:11
    Orc (0/2) D:10
  Swamp: Lair:2-4    Shoals: Lair:2-4     Snake: Lair:2-4    Spider: Lair:2-4

Altars:
Ashenzari
Cheibriados
Dithmenos
Elyvilon
Fedhas
Gozag
Hepliaklqana
Kikubaaqudgha
Makhleb
Nemelex Xobeh
Okawaru
Qazlal
Ru
Sif Muna
Trog
Uskayaw
Vehumet
Wu Jian
Xom
Yredelemnul
Zin
The Shining One
Lugonu

Shops:
D:3 *   D:5 %   D:6 =   D:7 *   D:8 =

Annotations:
D:8 Roikka's ghost, journeyman TrCK


Innate Abilities, Weirdness & Mutations

You are small and have problems with some larger weapons.
You are somewhat resistant to further mutation.
You are frail. (-10% HP)


Message History

You feel sick. The black mamba closely misses you.
The black mamba bites you but does no damage.
Unknown command.
You barely miss the black mamba.
The black mamba is severely wounded.
You feel sick. The black mamba bites you!
* * * LOW HITPOINT WARNING * * *
The black mamba barely misses you.
Unknown command.
You offer yourself to Yredelemnul, and are filled with unholy energy.
You feel sick. The black mamba barely misses you. The black mamba bites you!
* * * LOW HITPOINT WARNING * * *
Yredelemnul mirrors your injury!
The black mamba is almost dead.
Unknown command.
You feel extremely strange.
You feel weaker.
You feel frail.
You feel sick. The black mamba bites you!
You die...
Your body rises from the dead as a mindless zombie.

.# ... .... #...
###
.#...P######.P#...
.......S@.........
#......P#...###...
#.................
....###.##....#...
..# ###.....P... .
#..........
#.....#....
##....#....
##.........


You could see a black mamba.

Vanquished Creatures
  Erica (D:10)
  2 two-headed ogres (D:10)
  A cyclops (D:11)
  Maurice (D:8)
  A gargoyle (D:11)
  An efreet (D:9)
  5 blink frogs (Lair:1)
  Prince Ribbit (D:9)
  5 yaks
  2 wyverns
  A hungry ghost (D:8)
  Menkaure (D:7)
  A warg (D:10)
  Edmund (D:4)
  A porcupine (Lair:1)
  3 orc warriors
  A phantom (D:6)
  An ice beast (D:11)
  A sky beast (D:9)
  2 black bears (D:7)
  4 centaurs
  4 ogres
  A crocodile (Lair:2)
  A big kobold (D:10)
  A gnoll sergeant (D:8)
  5 bullfrogs
  2 scorpions
  7 wights
  A bullfrog zombie (D:8)
  2 hounds
  A centaur skeleton (D:10)
  2 jellies
  Terence (D:2)
  Natasha (thrice) (D:3)
  7 orc wizards
  8 worker ants
  A killer bee zombie (D:7)
  2 hound skeletons
  A hound zombie (D:5)
  A worker ant zombie (D:5)
  11 adders
  An ooze (D:3)
  3 worms (D:2)
  A dart slug (D:2)
  7 leopard geckos
  26 orcs
  A ball python (D:1)
  9 bats
  5 giant cockroaches
  11 goblins
  7 hobgoblins
  10 jackals
  4 quokkas
  5 frilled lizards
  A jackal skeleton (D:8)
  10 kobolds
  2 quokka skeletons (D:7)
  5 rats
207 creatures vanquished.

Vanquished Creatures (collateral kills)
  A wyvern (D:8)
  2 yaks (Lair:1)
  A warg (D:10)
  2 orc warriors (D:10)
  2 water moccasins (Lair:1)
  A sky beast (D:6)
  A centaur (D:11)
  A crocodile (Lair:1)
  A big kobold (D:11)
  2 bullfrogs
  4 wights (D:10)
  A hound (D:8)
  An orc wizard (D:10)
  A worker ant (D:10)
  A hound skeleton (D:10)
  A worker ant zombie (D:10)
  5 gnolls (D:8)
  2 adders
  An orc (D:11)
  A jackal (D:7)
  3 kobolds
  A fungus (Lair:1)
36 creatures vanquished.

Vanquished Creatures (others)
  A troll (D:10)
  2 flying skulls (D:11)
  2 yaks (D:9)
  A two-headed ogre zombie (D:10)
  A blink frog zombie (Lair:1)
  A crocodile (Lair:1)
  A wyvern zombie (D:8)
  A water moccasin zombie (Lair:1)
  A wyvern skeleton (D:9)
  A warg zombie (D:10)
  2 wights
  2 bullfrog zombies
  A centaur zombie (D:10)
  A human zombie (D:8)
  An ogre zombie (D:8)
  A big kobold zombie (D:11)
  A hound zombie (D:10)
  2 adder zombies (D:8)
  An orc (D:10)
  2 gnoll zombies (D:8)
  A giant cockroach zombie (D:6)
  2 orc zombies (D:10)
  2 quokka zombies (D:8)
  4 fungi
35 creatures vanquished.

Grand Total: 278 creatures vanquished

Notes
Turn   | Place    | Note
-------+----------+-------------------------------------------
     0 | D:1      | Jannitor the Halfling Air Elementalist began the quest for the Orb.
     0 | D:1      | Reached XP level 1. HP: 11/11 MP: 3/3
   291 | D:1      | Reached skill level 1 in Conjurations
   291 | D:1      | Reached XP level 2. HP: 15/17 MP: 1/4
  1202 | D:1      | Reached XP level 3. HP: 20/21 MP: 5/5
  2218 | D:2      | Reached XP level 4. HP: 26/27 MP: 7/7
  2484 | D:2      | Noticed Terence
  2583 | D:2      | Killed Terence
  2823 | D:2      | Found a stormy altar of Qazlal.
  2980 | D:2      | Reached XP level 5. HP: 27/31 MP: 8/8
  2988 | D:2      | Found an ornate altar of the Wu Jian Council.
  2991 | D:2      | Found a shattered altar of Ashenzari.
  2995 | D:2      | Found a basalt altar of Yredelemnul.
  3033 | D:2      | Found a blossoming altar of Fedhas.
  3035 | D:2      | Found a snail-covered altar of Cheibriados.
  3852 | D:3      | Found Gozag's Platinum Reserve.
  3896 | D:3      | Found an opulent altar of Gozag.
  3928 | D:3      | Noticed Natasha
  3935 | D:3      | Killed Natasha
  4028 | D:3      | Noticed Natasha
  4039 | D:3      | Killed Natasha
  4039 | D:3      | Reached skill level 4 in Air Magic
  4039 | D:3      | Reached XP level 6. HP: 36/36 MP: 3/9
  4058 | D:3      | Noticed Natasha
  4069 | D:3      | Killed Natasha
  4338 | D:2      | Became a worshipper of Yredelemnul the Dark
  4484 | D:4      | You fall through a shaft!
  4484 | D:5      | Entered Level 5 of the Dungeon
  4688 | D:5      | Found Kake's Food Shop.
  4705 | D:5      | Noticed a sky beast
  4767 | D:6      | Gained mutation: Your muscles are strong. (Str +2) [potion of mutation]
  4983 | D:6      | Found a hide-covered altar of Uskayaw.
  4984 | D:6      | Noticed a hand axe
  4984 | D:6      | Noticed a dagger
  5041 | D:6      | Reached skill level 1 in Fighting
  5212 | D:6      | Reached XP level 7. HP: 43/43 MP: 4/11
  5318 | D:6      | HP: 3/64 [orc warrior/hand axe (2)]
  5624 | D:6      | Learned a level 2 spell: Swiftness
  5692 | D:6      | Found a deep blue altar of Sif Muna.
  5760 | D:6      | Got a pair of slimy boots
  5773 | D:6      | Identified the +1 pair of boots "Ozaapsixt" {rN+ Stlth+} (You found it on level 6 of the Dungeon)
  5782 | D:6      | Learned a level 4 spell: Airstrike
  6327 | D:4      | Noticed Edmund
  6414 | D:4      | Killed Edmund
  6414 | D:4      | Reached skill level 5 in Dodging
  6414 | D:4      | Reached skill level 5 in Air Magic
  6414 | D:4      | Reached XP level 8. HP: 23/51 MP: 1/13
  6647 | D:4      | Found a sparkling altar of Nemelex Xobeh.
  6732 | D:4      | Found a staircase to the Ecumenical Temple.
  6778 | Temple   | Entered the Ecumenical Temple
  7695 | D:6      | Reached * piety under Yredelemnul
  7730 | D:6      | Found Kaphum's Jewellery Boutique.
  7894 | D:6      | Reached skill level 1 in Shields
  8541 | D:7      | Reached XP level 9. HP: 50/57 MP: 15/15
  8731 | D:7      | Reached skill level 6 in Air Magic
  8865 | D:7      | Noticed Menkaure
  8867 | D:7      | Found Mefun's General Store.
  8873 | D:7      | Killed Menkaure
  8877 | D:7      | Bought a potion of brilliance for 56 gold pieces
  9182 | D:7      | Reached ** piety under Yredelemnul
  9358 | D:7      | Reached skill level 5 in Shields
  9465 | D:8      | Noticed Roikka's ghost (journeyman TrCK)
  9575 | D:8      | Noticed Maurice
  9581 | D:8      | Killed Maurice
  9779 | D:8      | Found a shadowy altar of Dithmenos.
  9780 | D:8      | Found a sacrificial altar of Ru.
  9783 | D:8      | Found an iron altar of Okawaru.
  9983 | D:8      | Your ally Maurice died
 10411 | D:8      | Found Eckanotz's Jewellery Shop.
 11000 | D:8      | Reached XP level 10. HP: 61/65 MP: 12/17
 11096 | D:9      | Reached skill level 1 in Polearms
 11332 | D:9      | Noticed an efreet
 11336 | D:9      | Killed an efreet
 11336 | D:9      | Reached skill level 5 in Fighting
 11336 | D:9      | Reached skill level 5 in Spellcasting
 11336 | D:9      | Reached skill level 7 in Air Magic
 11888 | D:9      | Noticed Prince Ribbit
 12007 | D:9      | Noticed a two-headed ogre
 12576 | D:9      | Killed Prince Ribbit
 12757 | D:10     | Entered Level 10 of the Dungeon
 12861 | D:10     | Found a staircase to the Orcish Mines.
 12864 | D:10     | Noticed a two-headed ogre
 13074 | D:10     | Killed a two-headed ogre
 13183 | D:10     | Reached *** piety under Yredelemnul
 13193 | D:10     | Noticed a two-headed ogre
 13197 | D:10     | Killed a two-headed ogre
 13197 | D:10     | Reached skill level 8 in Air Magic
 13197 | D:10     | Reached XP level 11. HP: 35/72 MP: 19/19
 13547 | D:10     | Noticed Erica
 13568 | D:10     | Killed Erica
 13862 | D:10     | Got a shimmering scale mail
 13874 | D:10     | Identified the +0 scale mail "Hero's Friend" {rN+} (You took it off a kobold on level 10 of the Dungeon)
 13889 | D:10     | Received a gift from Yredelemnul (2 flying skulls)
 14107 | D:10     | Reached skill level 1 in Armour
 14616 | D:11     | Noticed a cyclops
 14928 | D:11     | Killed a cyclops
 15200 | D:11     | Found a staircase to the Lair.
 15240 | Lair:1   | Entered Level 1 of the Lair of Beasts
 15355 | Lair:1   | Received a gift from Yredelemnul (a wight)
 15971 | Lair:1   | Reached skill level 1 in Invocations
 15988 | Lair:1   | Reached skill level 5 in Polearms
 16372 | Lair:2   | Lost mutation: Your muscles are strong. (Str +2) [potion of mutation]
 16372 | Lair:2   | Gained mutation: You are frail. (-10% HP) [potion of mutation]
 16372 | Lair:2   | Slain by a black mamba

Skill      XL: |  1  2  3  4  5  6  7  8  9 10 11 |
---------------+----------------------------------+-----
Conjurations   | 1 2 |  2.3
Spellcasting   | 2 3 4 5 6 |  6.5
Dodging        | 3 4 5 |  5.2
Air Magic      | 4 5 6 8 |  8.9
Fighting       | 1 2 3 4 6 7 |  7.0
Shields        | 3 6 |  6.9
Polearms       | 3 5 |  5.0
Armour         | 4 |  4.2
Invocations    | 1 |  1.4
Stealth        | |  2.2

Action                   |  1- 3 |  4- 6 |  7- 9 | 10-12 || total
-------------------------+-------+-------+-------+-------++-------
Melee: Short sword       |   102 |   156 |    15 |       ||   273
       Flail             |       |       |   200 |       ||   200
       Spear             |       |       |    77 |    13 ||    90
       Trident           |       |       |       |   352 ||   352
Throw: Tomahawk          |       |       |       |     4 ||     4
 Cast: Shock             |    27 |    80 |    52 |    16 ||   175
       Swiftness         |       |       |     1 |       ||     1
       Airstrike         |       |       |     5 |    14 ||    19
Invok: Animate Remains   |       |       |    17 |     8 ||    25
       Recall Undead Sla |       |       |     1 |     3 ||     4
       Animate Dead      |       |       |       |    14 ||    14
       Injury Mirror     |       |       |       |     3 ||     3
Evoke: Wand              |       |     4 |    20 |     7 ||    31
  Use: Potion            |     2 |     1 |     9 |     3 ||    15
       Scroll            |       |       |    12 |     3 ||    15
 Stab: Sleeping          |     4 |     4 |     9 |     5 ||    22
       Distracted        |       |       |     4 |     2 ||     6
       Paralysed         |       |       |       |     5 ||     5
  Eat: Chunk             |     3 |    10 |    17 |     4 ||    34
       Ration            |     1 |       |     3 |     7 ||    11
Armor: Robe              |    28 |    28 |    78 |    34 ||   168
       Skin              |       |       |    11 |    11 ||    22
       Scale mail        |       |       |       |    29 ||    29
Dodge: Dodged            |   112 |   164 |   279 |   189 ||   744
Block: Buckler           |       |       |   122 |     2 ||   124
